cohdb
Replays
Latest Replays
All Replays
Popular Replays
Top Player Replays
Match Explorer
How It Works
Community
CoH3 Stats
Reddit
Sign in to upload your games and track your stats! →
Sign in with Steam
Match 43712531
Unlisted
Match 43712531
Overview
Messages
Build Orders
End
Kradschützen Motorcycle Team
Selects Italian Infantry
Panzergrenadier Squad
250 Light Carrier
Construct Light Support Kompanie
MG34 Team
2.5-tonne Medical Truck
Fire Support Elements
Selects Guastatori Squad
Guastatori Squad
Panzerjäger Mechanized Group
Construct Panzerarmee Kommand
Selects Defensive Operations
Selects Registered Artillery
Panzer III L Medium Tank
Walking Stuka Rocket Launcher
Guastatori Squad
Selects Prepared Positions
Flak 36 Anti-tank Gun Team
Selects Towed Cannone da 105/28 Field Howitzer
Registered Artillery
Emergency Repair Kits
2.5-tonne Medical Truck
Towed Cannone da 105/28 Field Howitzer
Assault Mechanized Group
Selects Obice 305mm Barrage
Obice 305mm Barrage
Guastatori Squad
Armored Reserves
Obice 305mm Barrage
Registered Artillery
Obice 305mm Barrage
Tiger Heavy Tank
2.5-tonne Medical Truck
2.5-tonne Medical Truck
Registered Artillery
2.5-tonne Medical Truck
✠-Ober-✠
梓川枫
CommandantKitty
vincent
Emanon
gimoshau
Bermudas 3
Yume
0
0
Comments
sign in to comment!
No comments posted yet!